 Dungeon Crawl Stone Soup version 0.22-a0-596-gfbd32a6 (webtiles) character file.

153 sking99 the Ruffian (level 5, 0/45 HPs)
             Began as a Draconian Transmuter on July 5, 2018.
             Was an Initiate of Ru.
             Slain by a wight
             ... wielding a +3 scimitar of freezing
              (2 damage)
             ... on level 3 of the Dungeon.
             The game lasted 00:07:08 (3066 turns).

sking99 the Ruffian (Draconian Transmuter)          Turns: 3066, Time: 00:07:08

Health: 0/45       AC:  5    Str: 12    XL:     5   Next: 12%
Magic:  6/8        EV: 12    Int: 15    God:    Ru [......]
Gold:   108        SH:  0    Dex: 11    Spells: 5/8 levels left

rFire    . . .     SeeInvis .     - Unarmed
rCold    . . .     Gourm    .   (no shield)
rNeg     . . .     Faith    .   (armour unavailable)
rPois    .         Spirit   .   (helmet restricted)
rElec    .         Reflect  .   (no cloak)
rCorr    .         Harm     .   (no gloves)
MR       .....                  (no boots)
Stlth    +.........             (no amulet)
HPRegen  0.15/turn              (no ring)
MPRegen  0.11/turn              (no ring)

@: appendage (expiring), very slightly contaminated, slowed, drained, very slow
A: unfitting armour, horns 2, cold-blooded, AC +5
a: End Transformation, Renounce Religion


You were on level 3 of the Dungeon.
You worshipped Ru.
Ru was noncommittal.
You were not hungry.
You had grown temporary horns.
You visited 1 branch of the dungeon, and saw 3 of its levels.

You collected 108 gold pieces.

Inventory:

Armour
 b - a +0 cloak
Wands
 m - a wand of digging (18)
Scrolls
 e - a scroll of enchant weapon {unknown}
 g - 3 scrolls of remove curse {unknown}
 j - 2 scrolls of teleportation {unknown}
 k - a scroll of identify {unknown}
 l - a scroll of blinking {unknown}
 o - 2 scrolls of amnesia {unknown}
Potions
 d - a potion of brilliance {unknown}
 f - a potion of haste {unknown}
 h - 3 potions of heal wounds {unknown}
 i - a potion of invisibility {unknown}
 n - 2 potions of curing {unknown}
Comestibles
 a - 2 chunks of flesh
 c - a ration


   Skills:
 + Level 3.2(2.5) Fighting
 - Level 1.7(1.1) Dodging
 * Level 5.1(4.4) Unarmed Combat
 - Level 2.0(1.3) Spellcasting
 - Level 2.0(1.3) Transmutations


You had 5 spell levels left.
You knew the following spells:

 Your Spells              Type           Power        Failure   Level  Hunger
a - Beastly Appendage     Tmut           #.....       14%         1    ##.....
b - Sticks to Snakes      Tmut           #.......     21%         2    ###....

Your spell library contained the following spells:

 Spells                   Type           Power        Failure   Level  Hunger
 Spider Form              Tmut/Pois      #.........   47%         3    ####...
 Blade Hands              Tmut           #.........   98%         5    ######.
 Ice Form                 Ice/Tmut       #.......     87%         4    #####..


Dungeon Overview and Level Annotations

Branches:
Dungeon (3/15)

Altars:
Ru


Innate Abilities, Weirdness & Mutations

Your plain brown scales are hard. (AC +5)
You cannot fit into any form of body armour.
You are cold-blooded and may be slowed by cold attacks.
You have a pair of horns on your head.


Message History

The wight is severely damaged.
The hobgoblin throws a stone.
The stone closely misses you.
You hit the wight. Your headbutt misses the wight.
Your tail-slap misses the wight.
The wight is severely damaged.
The wight hits you with a scimitar of freezing!
You feel drained.
You feel yourself slow down. The wight freezes you.
* * * LOW HITPOINT WARNING * * *
The hobgoblin throws a stone.
The stone hits you but does no damage.
You closely miss the wight.
You headbutt the wight, but do no damage.
The wight is severely damaged.
Your transformation is almost over.
The wight hits you with a scimitar of freezing!
* * * LOW HITPOINT WARNING * * *
You feel drained.
* * * LOW HITPOINT WARNING * * *
You feel as though you will be slow longer.
The wight freezes you.
You die...

#. ##.##.## ...
...#.###..##..##
...
...g.............
...#.##..####...#
#.#..## .....
#g#.## ..###...
#.#.###..# ...
#.....>.#
#.z@..###
#....(.##
#..##..## ....#
##.# .... #.# ...
### ..


You could see a wight and a hobgoblin.

Vanquished Creatures
  Jessica (D:2)
  3 adders (D:2)
  2 gnolls (D:2)
  An ooze (D:2)
  2 dart slugs
  A leopard gecko (D:2)
  An orc (D:2)
  4 bats
  3 giant cockroaches
  2 goblins (D:1)
  4 hobgoblins
  9 kobolds
  2 quokkas
  3 frilled lizards (D:2)
  9 rats
47 creatures vanquished.

Vanquished Creatures (collateral kills)
  A worker ant (D:3)
  An adder (D:2)
  2 gnolls (D:2)
  A goblin (D:2)
5 creatures vanquished.

Grand Total: 52 creatures vanquished

Notes
Turn   | Place    | Note
-------+----------+-------------------------------------------
     0 | D:1      | sking99 the Draconian Transmuter began the quest for the Orb.
     0 | D:1      | Reached XP level 1. HP: 16/16 MP: 3/3
   281 | D:1      | Reached XP level 2. HP: 20/24 MP: 5/5
  1185 | D:2      | Learned a level 2 spell: Sticks to Snakes
  1230 | D:2      | Reached XP level 3. HP: 29/29 MP: 1/6
  1302 | D:2      | Reached skill level 4 in Unarmed Combat
  1598 | D:2      | Reached XP level 4. HP: 28/37 MP: 5/7
  1874 | D:2      | Noticed Jessica
  1880 | D:2      | Killed Jessica
  2237 | D:2      | Found a sacrificial altar of Ru.
  2442 | D:2      | Became a worshipper of Ru the Awakened
  2777 | D:3      | Reached skill level 5 in Unarmed Combat
  2777 | D:3      | Reached XP level 5. HP: 14/45 MP: 4/8
  3066 | D:3      | HP: 2/45 [wight/scimitar of freezing (2)]
  3066 | D:3      | Slain by a wight

Vault maps used:
D:1:      onia_arrival_larder
D:2:      hangedman_abyss_or_decor_stabs, nicolae_ru_path_of_blood, uniq_jessica

Skill      XL: |  1  2  3  4 |
---------------+-------------+-----
Fighting       | 2 3 |  3.2
Unarmed Combat | 4 5 |  5.1
Dodging        | |  1.7
Spellcasting   | |  2.0
Transmutations | |  2.0

Action                   |  1- 3 |  4- 6 || total
-------------------------+-------+-------++-------
Melee: Unarmed           |   116 |    61 ||   177
       Tailslap          |    13 |     4 ||    17
       Kick              |     4 |       ||     4
       Headbutt          |     2 |     3 ||     5
       Punch             |     2 |       ||     2
 Cast: Beastly Appendage |     5 |     3 ||     8
       Sticks to Snakes  |     6 |     6 ||    12
 Stab: Sleeping          |       |     1 ||     1
  Eat: Chunk             |     2 |     3 ||     5
       Ration            |       |     1 ||     1
Armor: Skin              |    39 |    18 ||    57
Dodge: Dodged            |    77 |    27 ||   104

Table legend:
 A = Spawn XP
 B = Non-spawn XP
 C = Spawn XP percentage of total XP
 D = Spawn monster count
 E = Non-spawn monster count
 F = Spawn count percentage of total count
 G = Total turns spent on level
                    A         B        C        D         E        F      G
               +---------+---------+-------+---------+---------+-------+---------
         Total |       0 |     219 |   0.0 |       0 |      52 |   0.0 |  3066
               +---------+---------+-------+---------+---------+-------+---------
           D:1 |       0 |      36 |   0.0 |       0 |      22 |   0.0 |  1181
           D:2 |       0 |     149 |   0.0 |       0 |      24 |   0.0 |  1789
           D:3 |       0 |      34 |   0.0 |       0 |       6 |   0.0 |    96
               +---------+---------+-------+---------+---------+-------+---------
